fjsie, neutral female scurrid Archeologist ............................................................................ ............................................................................ ...................................................................)........ ..............................?............................................. ....................}}}}}}}}}}}}}}}}}}}}}}}}}}}}}}}}}}}}}}}................. ....................}-------------------------------------}................. ....................}| |}....^............ ....................}| + --- |}................. ....................}| @ ..| +.| |}........^........ ....................}| @..@|--------.--------|}.(............... ....................}| @ .@....@.@..@................?.............. ....................}| .@....|--------.--------|}.().............. ....................}| .@... +.| |}.)(.............. ....................}| + --- |}................. ....................}| |}................. ....................}-------------------------------------}................. ....................}}}}}}}}}}}}}}}}}}}}}}}}}}}}}}}}}}}}}}}................. ............................................................................ ............................................................................ ..........[................................................................. fjsie the Digger Experience level: 1 Strength: 14 Dexterity: 8 Constitution: 14 Intelligence: 16 Wisdom: 18 Charisma: 8 Health: 0(13) Energy: 2(2) Def: 2 Gold: 148 Moves: 318 Dungeon seed: BXwNf7zM4QDQTiSq Game ID: fjsie_1498725143 Your Inventory: Coins $ - 148 gold pieces Weapons a - an uncursed +2 bullwhip h - an uncursed +0 boomerang (in quiver) Armor e - an uncursed +0 leather jacket (being worn) n - an uncursed +0 pair of leather gloves (being worn) Comestibles b - 2 uncursed chestnuts Potions i - an uncursed potion of water j - a blessed potion of gain ability Wands d - an uncursed wand of light (0:15) Tools c - an uncursed pair of lenses f - an uncursed sack g - an uncursed tin opener (alternate weapon; not wielded) Gems q - an uncursed touchstone Spells and supernatural/magical abilities: Name Level Category Fail Memory W - pray for help -- divine ? -- Your skills at the end: Miscellaneous Skills wands [Basic] Weapon Skills boomerang [Basic] whip [Basic] Spellcasting Skills Final Attributes: You were devoutly aligned. You had infravision. You were very stealthy. You were fast. You are dead. Vanquished creatures: 3 jackals a kobold 4 creatures vanquished. Voluntary challenges: You went without food. You did not adorn yourself with jewelry or accessories. You did not cause conflict. You were not invisible. You did not have reflection. You were not displaced. You never hit with a wielded weapon. You were a pacifist. You did not use tools. You did not use plumbed fixtures. You did not drink any magical draughts. You were illiterate. You never genocided any monsters. You never polymorphed an object. You never changed form. You used no wishes. You never split a pudding. You never wrote Elbereth's name. You violated your moral code, losing 1 point of alignment, starting on turn 314. Dungeon overview: The Dungeons of Doom: levels 1 to 12 Level 1 a long staircase Level 2 Level 3 Level 4 Level 5 Level 6 Level 7 Level 8 Level 9 Level 10 Level 11 Level 12 an altar to Huhetotl, a fountain portal to The Quest The Quest: Level 1 <- You were here portal to The Dungeons of Doom History has recorded: On T:1 you entered the Dungeons of Doom to retrieve the Amulet of Yendor! On T:5 you reached level 2 of The Dungeons of Doom. On T:7 you reached level 3 of The Dungeons of Doom. On T:9 you reached level 4 of The Dungeons of Doom. On T:11 you reached level 5 of The Dungeons of Doom. On T:15 you reached level 6 of The Dungeons of Doom. On T:18 you reached level 7 of The Dungeons of Doom. On T:20 you reached level 8 of The Dungeons of Doom. On T:22 you reached level 9 of The Dungeons of Doom. On T:24 you reached level 10 of The Dungeons of Doom. On T:25 you reached level 11 of The Dungeons of Doom. On T:27 you reached level 12 of The Dungeons of Doom. On T:208 you reached level 1 of The Quest. On T:285 you prayed to Camaxtli. Score breakdown: Gold: 148 ( 14 points) Experience: 1 level ( 0 points) Exploration: 12 levels ( 330 points) Discoveries: 2 items ( 100 points) Variety of kills: 2 monsters ( 100 points) Major goal: (nothing yet) ( 0 points) Survival: died (score multiplied by 3) Total score: 1632 Latest messages: You are hit! Splash! This door is locked. You start chewing a hole in the door. You continue chopping at the door. You break through the door. You can see again. This door is locked. You start chewing a hole in the door. You continue chopping at the door. You break through the door. You begin bashing monsters with your gloved paws. You hesitate for a moment, bothered by your conscience. The student gets angry! You hit it. The student punches you! You hear some noises. The student punches you! (3x) You die... The sack is empty. The sack is empty. Final status: Goodbye fjsie the Archeologist, killed by a student... You died in The Quest on dungeon level 1 with 1632 points, and 148 pieces of gold, after 318 moves. You were level 1 with a maximum of 13 hit points when you died.